[Event "Titled Tuesday Blitz December 20 Late 2022"]
[White "Sztokbant, Bernardo Vainzoff"]
[Black "Dong, Bao Nghia"]
[WhiteFideId "2115956"]
[BlackFideId "12400343"]
[WhiteElo "2473"]
[BlackElo "2651"]
[Result "1-0"]
[Round "09"]
[TimeControl "180+1"]
[Date "2022.12.21"]
[WhiteClock "0:00:06"]
[BlackClock "0:01:09"]

1. d4 Nf6 2. Nc3 d5 3. Bf4 c6 4. e3 g6 5. Nf3 Bg7 6. Be2 O-O 7. O-O b6 8. Ne5 Nfd7 9. Nd3 a5 10. Re1 f6 11. Bg3 Kh8 12. Nf4 e5 13. Ne6 Qe7 14. Nxf8 Nxf8 15. e4 dxe4 16. dxe5 f5 17. Qd6 Qf7 18. f4 Be6 19. Bf2 Nfd7 20. Rad1 Bf8 21. Qc7 Nc5 22. Qxf7 Bxf7 23. Rd8 Kg7 24. Red1 Ne6 25. Rc8 c5 26. Bh4 Nxf4 27. Bf6+ Kg8 28. Be7 Nc6 29. Rxa8 Nxe7 30. Bf1 Nc6 31. Rd6 Nxe5 32. Rdd8 Ne6 33. Rdb8 Nd7 34. Rb7 Nf6 35. Rxb6 Kg7 36. Ra7 Nf4 37. Bc4 N4d5 38. Nxd5 Ng4 39. Nf4 Ne5 40. Bxf7 Nxf7 41. Ne6+ Kf6 42. Nxf8+ Ke5 43. Rxf7 1-0


[Site "https://www.chess.com"]

[Event "Titled Tuesday Blitz December 20 Late 2022"]
[White "Tanenbaum, Zachary"]
[Black "Omelja, Artem"]
[WhiteFideId "2060850"]
[BlackFideId "14119846"]
[WhiteElo "2761"]
[BlackElo "2543"]
[Result "0-1"]
[Round "09"]
[TimeControl "180+1"]
[Date "2022.12.21"]
[WhiteClock "0:00:05"]
[BlackClock "0:00:12"]

1. e4 c5 2. Nf3 Nc6 3. Nc3 e5 4. Bc4 d6 5. d3 Be7 6. Nd2 Nf6 7. Nf1 O-O 8. Ne3 Nd4 9. Ned5 Nxd5 10. Nxd5 b5 11. Bb3 Bb7 12. c3 Nxb3 13. Qxb3 Bxd5 14. Qxd5 Qc8 15. O-O Qe6 16. Qxe6 fxe6 17. f4 exf4 18. Bxf4 e5 19. Be3 Rxf1+ 20. Rxf1 Rf8 21. Rxf8+ Kxf8 22. Kf2 Kf7 23. d4 exd4 24. cxd4 cxd4 25. Bxd4 Bf6 26. Ke3 Ke6 27. b3 a6 28. Kd3 Be5 29. h3 h5 30. Ke3 g5 31. Kd3 g4 32. hxg4 hxg4 33. Ke3 Bg3 34. Kd3 Bh2 35. Bc3 d5 36. Ke3 Bg3 37. a3 Bd6 38. a4 bxa4 39. bxa4 Bc7 40. Bh8 Kd6 41. Kf4 dxe4 42. Kxe4 Kc5 43. Bc3 Kc4 44. Be1 Kb3 45. a5 Ka4 46. Kf5 Bxa5 47. Bg3 Kb3 48. Kxg4 Bb4 49. Kf3 a5 50. Ke2 Bc3 51. Kd3 a4 52. Bd6 Bb4 53. Be5 a3 54. g4 Be7 55. Ke4 Bg5 56. Kf5 Bc1 57. g5 Bb2 58. g6 Bxe5 59. Kxe5 a2 60. g7 a1=Q+ 61. Ke6 Qa6+ 62. Kd5 Qg6 63. Ke5 Qxg7+ 64. Ke6 Kc4 65. Kd6 Qd4+ 66. Kc6 Qd5+ 67. Kc7 Kc5 68. Kb8 Qd7 69. Ka8 Kc6 70. Kb8 Qb7# 0-1


[Site "https://www.chess.com"]

[Event "Titled Tuesday Blitz December 20 Late 2022"]
[White "Tarnowska, Aleksandra"]
[Black "Kalajzic, Ivan"]
[WhiteFideId "1180967"]
[BlackFideId "14506378"]
[WhiteElo "1776"]
[BlackElo "2163"]
[Result "0-1"]
[Round "09"]
[TimeControl "180+1"]
[Date "2022.12.21"]
[WhiteClock "0:00:02"]
[BlackClock "0:00:42"]

1. e4 c6 2. d4 d5 3. Nc3 b5 4. exd5 b4 5. Ne4 cxd5 6. Ng3 Nf6 7. Nf3 Bg4 8. Bb5+ Nbd7 9. h3 Bxf3 10. Qxf3 e6 11. Bg5 Be7 12. O-O O-O 13. Rfe1 Rc8 14. Bd3 g6 15. h4 h5 16. Ne2 Ng4 17. Bxe7 Qxe7 18. Nf4 Qxh4 19. Nh3 Qf6 20. Qxf6 Ngxf6 21. a3 a5 22. axb4 axb4 23. Ng5 Ra8 24. f3 Rfc8 25. Kf2 Kf8 26. Rec1 Ke7 27. Nh3 Nb6 28. Nf4 Nfd7 29. Re1 Kd6 30. Rxa8 Rxa8 31. b3 Nf8 32. Nh3 Ra7 33. Ng5 f6 34. Nh3 g5 35. f4 g4 36. Ng1 f5 37. Ne2 h4 38. Rh1 Rh7 39. Bb5 Nbd7 40. Nc1 Nf6 41. Bd3 Ne4+ 42. Bxe4 dxe4 43. Ke2 Ng6 44. Ke3 h3 45. gxh3 gxh3 46. Na2 Nh4 47. Nxb4 Ng2+ 48. Kf2 Nxf4 49. c4 Rg7 50. c5+ Kd7 51. Na6 Rg2+ 52. Kf1 Rc2 53. b4 e3 54. b5 e2+ 55. Kf2 Nd3+ 56. Ke3 e1=Q+ 57. Rxe1 Nxe1 58. c6+ Kd6 59. Nc5 h2 60. c7 Kxc7 0-1


[Site "https://www.chess.com"]

[Event "Titled Tuesday Blitz December 20 Late 2022"]
[White "Tatarinov, Dmitry"]
[Black "Denishev, Marat"]
[WhiteFideId "24160067"]
[BlackFideId "24131563"]
[WhiteElo "2326"]
[BlackElo "2194"]
[Result "1-0"]
[Round "09"]
[TimeControl "180+1"]
[Date "2022.12.20"]
[WhiteClock "0:01:02"]
[BlackClock "0:00:46"]

1. d4 Nf6 2. c4 c5 3. e3 g6 4. Nf3 Bg7 5. Nc3 O-O 6. d5 d6 7. h3 a6 8. a4 a5 9. Bd3 Na6 10. O-O Nb4 11. e4 e5 12. dxe6 Bxe6 13. Bg5 h6 14. Bh4 g5 15. Bg3 Qb6 16. Nd5 Bxd5 17. cxd5 Nh5 18. Bh2 Nf4 19. Bb5 Ng6 20. Nd2 Qd8 21. Nc4 Ne5 22. Nxe5 Bxe5 23. Bxe5 dxe5 24. Qh5 Qf6 25. Rac1 b6 26. Rc3 Qg6 27. Qg4 Rad8 28. Rd1 Kg7 29. Qe2 Rd6 30. Rg3 Rfd8 31. h4 f6 32. h5 Qf7 33. Rf3 Qxh5 34. g3 Nc2 35. Qxc2 Qxf3 36. Be2 1-0


[Site "https://www.chess.com"]

[Event "Titled Tuesday Blitz December 20 Late 2022"]
[White "Ter-Sahakyan, Samvel"]
[Black "Rorrer, Grayson"]
[WhiteFideId "13302531"]
[BlackFideId "30944996"]
[WhiteElo "2585"]
[BlackElo "2200"]
[Result "0-1"]
[Round "09"]
[TimeControl "180+1"]
[Date "2022.12.20"]
[WhiteClock "0:00:02"]
[BlackClock "0:00:05"]

1. d4 Nf6 2. c4 g6 3. Nc3 d5 4. cxd5 Nxd5 5. Bd2 Bg7 6. e4 Nxc3 7. Bxc3 O-O 8. Qd2 Nc6 9. d5 Ne5 10. f4 Ng4 11. Nf3 c6 12. Bxg7 Kxg7 13. dxc6 bxc6 14. O-O-O Qb6 15. Qd4+ e5 16. Nxe5 Nf2 17. Qc3 Nxd1 18. Kxd1 f6 19. Nf3 Bg4 20. Kc1 Rad8 21. Bc4 Qf2 22. e5 Qxg2 23. Rf1 Bxf3 24. Rxf3 Qg1+ 25. Rf1 Qd4 26. e6 Rfe8 27. f5 g5 28. Qxd4 Rxd4 29. b3 h5 30. Kc2 Kf8 31. Kc3 Red8 32. Re1 Ke7 33. Re2 Rd1 34. a4 a5 35. b4 Rc1+ 36. Kb3 Rd4 0-1


[Site "https://www.chess.com"]

[Event "Titled Tuesday Blitz December 20 Late 2022"]
[White "Toncheva, Nadya"]
[Black "Gatterer, Florian"]
[WhiteFideId "2924056"]
[BlackFideId "811688"]
[WhiteElo "2101"]
[BlackElo "2218"]
[Result "1/2-1/2"]
[Round "09"]
[TimeControl "180+1"]
[Date "2022.12.21"]
[WhiteClock "0:00:34"]
[BlackClock "0:00:57"]

1. d4 Nf6 2. c4 e6 3. Nc3 d5 4. cxd5 Nxd5 5. Bd2 c5 6. e3 cxd4 7. exd4 Nc6 8. Nf3 Be7 9. a3 b6 10. Bd3 Bb7 11. O-O Bf6 12. Rc1 O-O 13. Qe2 g6 14. Bh6 Re8 15. Rfd1 Nxd4 16. Nxd4 Bxd4 17. Bb5 Qh4 18. Bxe8 Rxe8 19. Be3 Nxe3 20. fxe3 Be5 21. h3 Qg3 22. e4 1/2-1/2


[Site "https://www.chess.com"]

[Event "Titled Tuesday Blitz December 20 Late 2022"]
[White "Vega Gutierrez, Sabrina"]
[Black "Bilan, Danila"]
[WhiteFideId "2219026"]
[BlackFideId "24161918"]
[WhiteElo "2261"]
[BlackElo "2182"]
[Result "1-0"]
[Round "09"]
[TimeControl "180+1"]
[Date "2022.12.21"]
[WhiteClock "0:00:47"]
[BlackClock "0:00:09"]

1. e4 c6 2. d4 d5 3. e5 c5 4. dxc5 e6 5. a3 Bxc5 6. b4 Bb6 7. Nf3 a5 8. b5 Nd7 9. Bd3 Nc5 10. O-O Nxd3 11. Qxd3 Ne7 12. c4 dxc4 13. Qxc4 Qd5 14. Nbd2 Bd7 15. a4 Rc8 16. Qg4 Nf5 17. Ba3 Bc5 18. Bxc5 Qxc5 19. Ne4 Qe7 20. Rfd1 Rd8 21. Nd6+ Nxd6 22. Qxg7 Qf8 23. Qxf8+ Kxf8 24. Rxd6 Ke7 25. Rad1 Bc8 26. Rxd8 Rxd8 27. Rxd8 Kxd8 28. Ng5 Ke7 29. Nxh7 b6 30. Nf6 Bb7 31. h4 Bd5 32. Nxd5+ exd5 33. f4 Ke6 34. g4 d4 35. Kf2 Kd5 36. h5 Kc4 37. Ke2 Kc3 38. Kd1 Kb3 39. h6 Kxa4 40. h7 Kxb5 41. h8=Q a4 42. Qe8+ Kc4 43. Qxa4+ 1-0


[Site "https://www.chess.com"]

[Event "Titled Tuesday Blitz December 20 Late 2022"]
[White "Vetoshko, Volodymyr"]
[Black "Bryakin, Mikhail"]
[WhiteFideId "14122480"]
[BlackFideId "4165314"]
[WhiteElo "2422"]
[BlackElo "2391"]
[Result "0-1"]
[Round "09"]
[TimeControl "180+1"]
[Date "2022.12.20"]
[WhiteClock "0:00:06"]
[BlackClock "0:01:07"]

1. e4 d5 2. exd5 Qxd5 3. Nc3 Qe5+ 4. Be2 Bg4 5. d4 Bxe2 6. Ngxe2 Qa5 7. b4 Qh5 8. d5 Nf6 9. O-O e6 10. dxe6 Bxb4 11. exf7+ Qxf7 12. Rb1 Nc6 13. a3 Bd6 14. Bf4 O-O-O 15. Qc1 Ng4 16. h3 Bxf4 17. Nxf4 Nge5 18. Re1 Rhf8 19. Re4 g5 20. Qb2 b6 21. Nd3 Nxd3 22. cxd3 Rxd3 23. Nb5 a6 24. Qc2 Qd5 25. Qxc6 Qxc6 26. Na7+ Kb7 27. Nxc6 Kxc6 28. Rc1+ Kd7 29. Re5 h6 30. a4 Rf6 31. a5 b5 32. Rec5 c6 33. Re5 Rd5 34. Re4 Rfd6 35. Kh2 c5 36. Rce1 b4 37. Re7+ Kc6 38. Ra7 Kb5 39. Rb7+ Kc4 40. Rc1+ Kb3 41. Rb6 Rxb6 42. axb6 Rd6 43. b7 Rb6 44. Rxc5 Rxb7 45. Rc6 a5 46. Rxh6 a4 0-1


[Site "https://www.chess.com"]

[Event "Titled Tuesday Blitz December 20 Late 2022"]
[White "Vlassov, Nikolai"]
[Black "Gubajdullin, Alexei"]
[WhiteFideId "4103360"]
[BlackFideId "4141202"]
[WhiteElo "2324"]
[BlackElo "2251"]
[Result "0-1"]
[Round "09"]
[TimeControl "180+1"]
[Date "2022.12.20"]
[WhiteClock "0:00:01"]
[BlackClock "0:00:12"]

1. e4 g6 2. Nc3 Bg7 3. h4 h6 4. d4 d6 5. h5 g5 6. f4 gxf4 7. Bxf4 Nc6 8. d5 Ne5 9. Nf3 Bg4 10. Be2 Bxf3 11. gxf3 c6 12. Qd2 Qb6 13. O-O-O Nf6 14. Rdg1 Rh7 15. Be3 c5 16. f4 Ned7 17. Bd3 Bf8 18. e5 dxe5 19. Bxh7 Nxh7 20. Ne4 f5 21. Rg6 Qc7 22. Ng3 O-O-O 23. Nxf5 Ndf6 24. c4 e6 25. d6 Qc6 26. Ng3 Bxd6 27. Rd1 Bc7 28. Qf2 Rxd1+ 29. Kxd1 Qa4+ 30. b3 Qd7+ 31. Kc2 e4 32. Qd2 Qf7 33. Bxc5 Nxh5 34. Rg4 N7f6 35. Nxh5 Nxg4 36. Ng3 Qh7 37. Kb2 h5 0-1


[Site "https://www.chess.com"]

[Event "Titled Tuesday Blitz December 20 Late 2022"]
[White "White, John S."]
[Black "Adewumi, Tanitoluwa"]
[WhiteFideId "2502348"]
[BlackFideId "30966396"]
[WhiteElo "1945"]
[BlackElo "2477"]
[Result "0-1"]
[Round "09"]
[TimeControl "180+1"]
[Date "2022.12.21"]
[WhiteClock "0:00:02"]
[BlackClock "0:00:26"]

1. e4 c5 2. Nf3 e6 3. d4 cxd4 4. Nxd4 Nc6 5. Nc3 Qc7 6. Be3 a6 7. Be2 Nf6 8. O-O Be7 9. f4 d6 10. Qd2 O-O 11. Bf3 Nxd4 12. Bxd4 e5 13. Be3 b5 14. a3 Bb7 15. Rad1 Rac8 16. Rf2 Rfd8 17. f5 Qc4 18. Qd3 Qxd3 19. Rxd3 Rc4 20. Bb6 Rdc8 21. Re2 h6 22. g4 Nh7 23. Kg2 Ng5 24. Kg3 g6 25. f6 Bf8 26. h4 Ne6 27. Be3 Kh7 28. g5 h5 29. Kh3 R8c5 30. Kg3 Rc7 31. Kh3 Kg8 32. Kg3 Bc6 33. Kh3 a5 34. Kg3 b4 35. axb4 axb4 36. Na2 Bb5 37. Red2 Rxc2 38. Rxc2 Rxc2 39. Rb3 Bc4 40. Rxb4 Bxa2 41. Ra4 Bc4 42. Ra8 Be2 43. Bxe2 Rxe2 44. Kf3 Rxb2 45. Rc8 Rb3 46. Ke2 Nc5 47. Bxc5 dxc5 48. Rc6 Rb4 49. Kf3 Rd4 50. Ke3 c4 51. Rc8 Rd3+ 52. Ke2 Rh3 53. Kf2 Rxh4 54. Kf3 Rg4 55. Ke3 Rxg5 56. Rc6 Rg4 57. Kf3 Rf4+ 58. Ke3 g5 59. Rc8 g4 60. Ke2 h4 61. Ke3 h3 62. Rc6 Rxf6 63. Rc8 Rf4 64. Rc6 h2 65. Rxc4 h1=Q 66. Ke2 Qf3+ 67. Ke1 Rxe4+ 68. Kd2 Bh6+ 69. Kc2 Rxc4+ 70. Kb2 Qc3+ 0-1


[Site "https://www.chess.com"]

[Event "Titled Tuesday Blitz December 20 Late 2022"]
[White "Yuan, Qingyu"]
[Black "Yedidia, Daniel"]
[WhiteFideId "8609772"]
[BlackFideId "30905907"]
[WhiteElo "2769"]
[BlackElo "2576"]
[Result "0-1"]
[Round "09"]
[TimeControl "180+1"]
[Date "2022.12.21"]
[WhiteClock "0:00:02"]
[BlackClock "0:00:23"]

1. e4 e5 2. Nf3 Nc6 3. Bb5 a6 4. Ba4 Nf6 5. O-O Be7 6. Re1 b5 7. Bb3 O-O 8. a4 b4 9. d4 d6 10. dxe5 Nxe5 11. Bf4 Ng6 12. Bg3 Bb7 13. Nbd2 Nh5 14. Nc4 Nxg3 15. hxg3 Bf6 16. Qd2 Re8 17. Qxb4 Bxe4 18. Nfd2 Bf5 19. c3 Qd7 20. Qa5 Be6 21. Ne3 Bxb3 22. Nxb3 Reb8 23. Ra3 Ne5 24. Nd2 Rxb2 25. Ndc4 Nc6 26. Qd5 Rbb8 27. Rd1 Ne7 28. Qf3 Re8 29. Ng4 Bg5 30. Rd3 Ng6 31. Ra1 Qe6 32. Nge3 Bxe3 33. Nxe3 Ne5 34. Qe2 Nxd3 35. Qxd3 a5 36. Rb1 Qg6 37. Qd1 Rab8 38. Ra1 Rb2 39. Qc1 Reb8 40. Nd5 Qe4 41. Qd1 Rb1 42. Rxb1 Rxb1 43. Qxb1 Qxb1+ 44. Kh2 Qb3 45. Nxc7 Qxa4 46. Nd5 Qc4 47. Nb6 Qxc3 48. Nd5 Qe5 49. Nb6 h5 50. Nc4 Qc5 51. Nd2 Qxf2 52. Ne4 Qd4 53. Ng5 h4 54. g4 Qf4+ 55. Kh3 Qg3# 0-1


[Site "https://www.chess.com"]

[Event "Titled Tuesday Blitz December 20 Late 2022"]
[White "Zakhartsov, Vladimir"]
[Black "Eljanov, Pavel"]
[WhiteFideId "4145097"]
[BlackFideId "14102951"]
[WhiteElo "2535"]
[BlackElo "2598"]
[Result "1-0"]
[Round "09"]
[TimeControl "180+1"]
[Date "2022.12.20"]
[WhiteClock "0:00:14"]
[BlackClock "0:00:03"]

1. c4 Nf6 2. Nc3 e5 3. Nf3 Nc6 4. e3 Bb4 5. Qc2 a5 6. Nd5 d6 7. a3 Bc5 8. b3 Ba7 9. Nxf6+ Qxf6 10. Bb2 Bf5 11. Bd3 Bxd3 12. Qxd3 O-O 13. O-O Qe7 14. Qc3 f5 15. d4 e4 16. Nd2 Qg5 17. b4 Ne7 18. f4 exf3 19. Nxf3 Qg4 20. h3 Qg3 21. Qe1 Qg6 22. Kh2 c6 23. bxa5 d5 24. Qb4 Bb8+ 25. Kh1 Bd6 26. c5 Bg3 27. Qxb7 Qe6 28. Qb3 Rxa5 29. Bc3 Raa8 30. Be1 Bc7 31. a4 Kh8 32. a5 Ng8 33. a6 Nf6 34. Qb7 Rfc8 35. Ng5 Qd7 36. a7 h6 37. Nf3 Kh7 38. Ra6 Ne4 39. Ne5 Qd8 40. Rxc6 Bxe5 41. Rxc8 Qxc8 42. Qxc8 Rxc8 43. dxe5 Ra8 44. Bb4 Rxa7 45. Rc1 Ng5 46. c6 Ne6 47. Bd6 Ra8 48. c7 Rc8 49. Rb1 1-0


[Site "https://www.chess.com"]

[Event "Titled Tuesday Blitz December 20 Late 2022"]
[White "Zhigalko, Sergei"]
[Black "Goryachkina, Aleksandra"]
[WhiteFideId "13502956"]
[BlackFideId "4147103"]
[WhiteElo "2662"]
[BlackElo "2484"]
[Result "1/2-1/2"]
[Round "09"]
[TimeControl "180+1"]
[Date "2022.12.20"]
[WhiteClock "0:00:03"]
[BlackClock "0:00:03"]

1. e4 c5 2. Nf3 e6 3. c3 Nf6 4. e5 Nd5 5. Bc4 d6 6. d4 cxd4 7. cxd4 Be7 8. O-O O-O 9. Bd2 dxe5 10. dxe5 Nb6 11. Bb3 Bd7 12. Qe2 Bc6 13. Rd1 N8d7 14. Bf4 Nd5 15. Bxd5 Bxd5 16. Nc3 Nb6 17. Be3 Rc8 18. Bxb6 axb6 19. Nxd5 exd5 20. Rd3 Qd7 21. Rad1 Rfd8 22. a3 b5 23. Nd4 Bc5 24. g3 Re8 25. Nf3 Rcd8 26. Kg2 b4 27. Rxd5 Qxd5 28. Rxd5 Rxd5 29. Qb5 Red8 30. Qxb7 bxa3 31. bxa3 Bxa3 32. Ng5 R5d7 33. Qb3 h6 34. e6 hxg5 35. exd7 Be7 36. Qd5 Kf8 37. Kf3 Bf6 38. Qd6+ Be7 39. Qc7 Bf6 40. Qd6+ Be7 41. Qd5 Bf6 42. Qc5+ Be7 43. Qd5 1/2-1/2


[Site "https://www.chess.com"]

[Event "Titled Tuesday Blitz December 20 Late 2022"]
[White "Zhukov, Maksim"]
[Black "Radovanovic, Dusan"]
[WhiteFideId "34181790"]
[BlackFideId "926868"]
[WhiteElo "1929"]
[BlackElo "2337"]
[Result "1-0"]
[Round "09"]
[TimeControl "180+1"]
[Date "2022.12.21"]
[WhiteClock "0:01:21"]
[BlackClock "0:00:31"]

1. Nf3 Nf6 2. g3 g6 3. Bg2 Bg7 4. O-O O-O 5. d3 d5 6. Nc3 c5 7. e4 d4 8. Nb1 Nc6 9. a4 e5 10. Na3 h6 11. Nc4 Qc7 12. Ne1 Be6 13. Bd2 Nd7 14. f4 exf4 15. gxf4 f5 16. e5 Ne7 17. b3 Nd5 18. Nf3 Rfd8 19. Nh4 Nf8 20. Qf3 Qe7 21. Qg3 Kh7 22. Nd6 Rd7 23. Kf2 Rad8 24. Rg1 Rxd6 25. exd6 Qxd6 26. Bxd5 Bxd5 27. Rae1 b6 28. Nxf5 Qf6 29. Nxg7 Kxg7 30. Re5 Ba8 31. Rge1 Rd7 32. f5 Rf7 33. Kg1 Nd7 34. Qxg6+ Qxg6+ 35. fxg6 Nxe5 36. gxf7 Nxf7 37. Re7 Kf6 38. Rxa7 Bd5 39. Ra6 Ne5 40. Rxb6+ Kf5 41. Bxh6 Nf3+ 42. Kf2 Nxh2 43. a5 Ng4+ 44. Ke2 Ne5 45. a6 Nc6 46. Bf8 1-0


[Site "https://www.chess.com"]

[Event "Titled Tuesday Blitz December 20 Late 2022"]
[White "gshwbedhkhd"]
[Black "Makridis, Dimitrios"]
[BlackFideId "25864475"]
[WhiteElo "2577"]
[BlackElo "2791"]
[Result "0-1"]
[Round "09"]
[TimeControl "180+1"]
[Date "2022.12.21"]
[WhiteClock "0:00:02"]
[BlackClock "0:00:15"]

1. e4 e6 2. d4 d5 3. Bd3 dxe4 4. Bxe4 Nf6 5. Bf3 c5 6. Ne2 Nc6 7. Be3 cxd4 8. Nxd4 Bd7 9. O-O Be7 10. c3 O-O 11. Nd2 Ne5 12. Be2 Rc8 13. N2f3 Nc4 14. Bc1 Nd5 15. Qb3 Ncb6 16. a4 a5 17. Rd1 Bf6 18. Nb5 Qe7 19. c4 Nb4 20. Be3 Na8 21. Nd6 Rc7 22. Rd2 Bc6 23. Rad1 Na6 24. c5 Bd5 25. Qb5 Rd7 26. Qxa5 N8c7 27. Qb6 Bc6 28. Nxb7 Rxd2 29. Rxd2 Bd5 30. Nd6 Rb8 31. Qa5 Ra8 32. Nb5 Nxb5 33. axb5 Nxc5 34. Qb4 Nb3 35. Qxe7 Bxe7 36. Rd1 Bf6 37. Nd4 Nxd4 38. Bxd4 Ra4 39. Bc3 Kf8 40. f3 Ra2 41. Kf2 Bxc3 42. bxc3 Bc4 43. Re1 Bxb5 44. Ke3 Bc6 45. g3 Ke7 46. Rd1 g5 47. Rd4 h5 48. Rb4 Kd6 49. Rb6 Kc5 50. Rb8 f5 51. Rc8 f4+ 52. gxf4 gxf4+ 53. Kd3 Kd6 54. c4 Ra3+ 55. Kd4 e5# 0-1


[Site "https://www.chess.com"]

[Event "Titled Tuesday Blitz December 20 Late 2022"]
[White "reevecanada"]
[Black "D`Arruda, Ricardo D."]
[BlackFideId "100692"]
[WhiteElo "2356"]
[BlackElo "2440"]
[Result "1-0"]
[Round "09"]
[TimeControl "180+1"]
[Date "2022.12.21"]
[WhiteClock "0:02:08"]
[BlackClock "0:00:23"]

1. e4 c5 2. Nf3 Nc6 3. Bb5 g6 4. d4 cxd4 5. Nxd4 Bg7 6. Be3 Qb6 7. Bxc6 dxc6 8. Ne6 Qxe3+ 9. fxe3 Bxe6 10. c3 Nf6 11. O-O Nxe4 12. Nd2 O-O-O 13. Nxe4 Rxd1 14. Rfxd1 h6 15. Kf2 b6 16. Rd2 Kc7 17. Ng3 f5 18. Ne2 g5 19. Nd4 Bc8 20. Rad1 e5 21. Ne2 Be6 22. b3 c5 23. c4 e4 24. Rd6 Re8 25. g3 Be5 26. R6d2 Rh8 27. a3 Rf8 28. h4 a6 29. Rh1 Rf6 30. hxg5 hxg5 31. Rh7+ Kc6 32. Rg7 f4 33. exf4 gxf4 34. gxf4 Bxf4 35. Nxf4 Rxf4+ 36. Ke3 Rf3+ 37. Kxe4 Rxb3 38. Rg6 1-0


[Site "https://www.chess.com"]

[Event "Titled Tuesday Blitz December 20 Late 2022"]
[White "Adewumi, Tanitoluwa"]
[Black "Arbunic Castro, Giovanna"]
[WhiteFideId "30966396"]
[BlackFideId "3400549"]
[WhiteElo "2478"]
[BlackElo "1959"]
[Result "1-0"]
[Round "10"]
[TimeControl "180+1"]
[Date "2022.12.21"]
[WhiteClock "0:00:03"]
[BlackClock "0:00:01"]

1. e4 g6 2. Nf3 Bg7 3. d4 c5 4. dxc5 Qa5+ 5. Nc3 Nf6 6. Bd3 Qxc5 7. Be3 Qb4 8. a3 Qa5 9. O-O O-O 10. h3 Nc6 11. b4 Qd8 12. Nd5 Nxd5 13. exd5 Ne5 14. Nxe5 Bxe5 15. Rb1 e6 16. Bh6 Re8 17. Re1 exd5 18. Qf3 d6 19. Rbd1 Qh4 20. Bd2 d4 21. Bc4 Re7 22. Bf4 Be6 23. Bxe5 Bxc4 24. Bf6 Qh6 25. Rxe7 Be6 26. Rxe6 fxe6 27. Qxb7 Rf8 28. Qe7 Rf7 29. Qe8+ Qf8 30. Qxe6 h5 31. Bxd4 Kh7 32. Rd3 Rf4 33. Rg3 Qf7 34. Qxf7+ 1-0


[Site "https://www.chess.com"]

[Event "Titled Tuesday Blitz December 20 Late 2022"]
[White "Alex_Sahakyan2006"]
[Black "Jimenez Almeida, Luis David"]
[BlackFideId "22242244"]
[WhiteElo "2625"]
[BlackElo "2158"]
[Result "1-0"]
[Round "10"]
[TimeControl "180+1"]
[Date "2022.12.21"]
[WhiteClock "0:01:52"]
[BlackClock "0:00:16"]

1. c4 e6 2. Nc3 Nf6 3. e4 c5 4. e5 Ng8 5. Nf3 Nc6 6. d4 cxd4 7. Nxd4 Bb4 8. Nb5 Nxe5 9. Bf4 d6 10. a3 Bxc3+ 11. bxc3 Ke7 12. c5 f6 13. cxd6+ Kf7 14. Bxe5 fxe5 15. Qh5+ g6 16. Qxe5 Qf6 17. f4 Nh6 18. Be2 a6 19. Nc7 Ra7 20. O-O Bd7 21. g4 Qh4 22. Qxh8 Bc6 23. Qxh7+ Kf6 24. Qe7# 1-0


[Site "https://www.chess.com"]

[Event "Titled Tuesday Blitz December 20 Late 2022"]
[White "Ansh M Shah"]
[Black "Nasir, Zehn"]
[WhiteFideId "25033379"]
[BlackFideId "2613239"]
[WhiteElo "2084"]
[BlackElo "1993"]
[Result "1-0"]
[Round "10"]
[TimeControl "180+1"]
[Date "2022.12.21"]
[WhiteClock "0:00:26"]
[BlackClock "0:00:02"]

1. d4 Nf6 2. c4 e6 3. g3 c5 4. Bg2 cxd4 5. Qxd4 Nc6 6. Qd1 d5 7. Nf3 dxc4 8. Qxd8+ Nxd8 9. Nbd2 c3 10. bxc3 Bd6 11. O-O O-O 12. Bb2 Bd7 13. Nd4 Rc8 14. c4 Nc6 15. Nb5 Bb8 16. Rac1 a6 17. Nc3 Rfd8 18. Nb3 b6 19. Rfd1 Be8 20. Rxd8 Rxd8 21. Ne4 Nxe4 22. Bxe4 Nb4 23. a3 Nc6 24. c5 b5 25. e3 Bc7 26. Kf1 f5 27. Bb1 Ne5 28. Nd4 Kf7 29. Ba2 Bd7 30. Nxf5 Nd3 31. Rc2 Nxb2 32. Rxb2 Be5 33. Nd4 Rc8 34. Rc2 a5 35. c6 Bxc6 36. Bxe6+ Ke7 37. Bxc8 Be4 38. Rc5 Bf6 39. Rxb5 Bxd4 40. Rxa5 Bd3+ 41. Kg1 Bf6 42. Ra7+ Ke8 43. Ba6 Be4 44. Bb5+ Kd8 45. a4 Kc8 46. a5 Kb8 47. Rf7 Bd5 48. Rd7 Be6 49. Rd6 Bc8 50. a6 Ka7 51. Rc6 Bf5 52. Rc7+ Kb6 53. Rb7+ 1-0


[Site "https://www.chess.com"]

[Event "Titled Tuesday Blitz December 20 Late 2022"]
[White "Antonio, Jorge Carlos"]
[Black "Bryant, Todd"]
[WhiteFideId "113190"]
[BlackFideId "2031299"]
[WhiteElo "2247"]
[BlackElo "2332"]
[Result "0-1"]
[Round "10"]
[TimeControl "180+1"]
[Date "2022.12.21"]
[WhiteClock "0:00:17"]
[BlackClock "0:00:12"]

1. d4 Nf6 2. Nf3 g6 3. c4 Bg7 4. Nc3 O-O 5. e4 d6 6. Be2 e5 7. O-O Nc6 8. d5 Ne7 9. Ne1 Nd7 10. Be3 f5 11. f3 f4 12. Bf2 g5 13. c5 Nxc5 14. Bxc5 dxc5 15. Rc1 Kh8 16. b4 cxb4 17. Nb5 c6 18. dxc6 Nxc6 19. Nd6 Qb6+ 20. Kh1 Be6 21. Bc4 Nd4 22. Bxe6 Qxd6 23. Bg4 a5 24. Nc2 Rfd8 25. Nxd4 Qxd4 26. Qc2 Qd2 27. Qc7 Qxa2 28. h4 b3 29. Qxb7 b2 30. Rb1 Rab8 31. Qc7 gxh4 32. Kh2 a4 33. Rfd1 Rg8 34. Qd7 Qa3 35. Be6 Rgf8 36. Rd2 Qc3 37. Rdd1 a3 38. Bd5 Rbd8 39. Qa4 h6 40. Qc4 Qxc4 41. Bxc4 Rc8 42. Ba2 Rfd8 43. Kh3 Rxd1 44. Rxd1 Rc1 45. Rd8+ Kh7 46. Rb8 Ra1 47. Be6 Kg6 48. Bf5+ Kf6 49. Rb6+ Ke7 50. Rb7+ Kd6 51. Rxg7 b1=Q 52. Kxh4 Qh1+ 53. Kg4 Qxg2+ 54. Kh5 Qxg7 55. Be6 Qg5# 0-1


[Site "https://www.chess.com"]

[Event "Titled Tuesday Blitz December 20 Late 2022"]
[White "Ardila, Oscar Humberto"]
[Black "Sarkar, Justin"]
[WhiteFideId "4404742"]
[BlackFideId "2010011"]
[WhiteElo "1961"]
[BlackElo "2239"]
[Result "1-0"]
[Round "10"]
[TimeControl "180+1"]
[Date "2022.12.21"]
[WhiteClock "0:00:20"]
[BlackClock "0:00:01"]

1. d4 Nf6 2. c4 e6 3. Nc3 Bb4 4. Bd2 c5 5. dxc5 Na6 6. Nf3 O-O 7. e3 Nxc5 8. Be2 b6 9. O-O Bb7 10. Rc1 Qe7 11. a3 Bxc3 12. Bxc3 a5 13. b4 Nce4 14. Be1 axb4 15. axb4 Ra2 16. Rc2 Ra3 17. Nd4 Rfa8 18. Rc1 d5 19. c5 bxc5 20. bxc5 Ba6 21. Bb4 Bxe2 22. Qxe2 R3a4 23. Rb1 e5 24. Nf5 Qd7 25. Ng3 Ra2 26. Qd3 g6 27. Qb3 Qc6 28. f3 Nxg3 29. hxg3 e4 30. Rb2 Rxb2 31. Qxb2 exf3 32. gxf3 Rb8 33. Qd4 Nh5 34. Bc3 f6 35. g4 Ng7 36. Ra1 Rc8 37. Ra7 Qxc5 38. Qxc5 Rxc5 39. Bxf6 Ne8 40. Bd4 Rc2 41. Re7 Nd6 42. Rg7+ Kf8 43. Rxh7 Nb5 44. Rd7 Nxd4 45. exd4 Ke8 46. Rxd5 Ke7 47. Re5+ Kd6 48. Kf1 Rd2 49. Re4 Kd5 50. g5 Rxd4 51. Rxd4+ Kxd4 52. Kf2 Ke5 53. Kg3 Kf5 54. f4 Ke6 55. Kf3 Kd5 56. Ke3 Kc5 57. Ke4 Kd6 58. Kd4 Ke6 59. Ke4 1-0


[Site "https://www.chess.com"]

[Event "Titled Tuesday Blitz December 20 Late 2022"]
[White "Arnold, Ken"]
[Black "Koutlas, Nikolaos"]
[WhiteFideId "2056836"]
[BlackFideId "25827138"]
[WhiteElo "2375"]
[BlackElo "2167"]
[Result "0-1"]
[Round "10"]
[TimeControl "180+1"]
[Date "2022.12.21"]
[WhiteClock "0:00:16"]
[BlackClock "0:00:29"]

1. e4 g6 2. Nf3 Bg7 3. Bc4 d6 4. h3 Nf6 5. d3 O-O 6. O-O c6 7. a4 d5 8. exd5 cxd5 9. Bb3 Nc6 10. Re1 Bf5 11. Nc3 Qd7 12. Bg5 d4 13. Bxf6 Bxf6 14. Ne4 Bg7 15. Ng3 Rac8 16. Nxf5 Qxf5 17. a5 Nxa5 18. Rxe7 Nxb3 19. cxb3 Qb5 20. Rxa7 Bh6 21. Rexb7 Qf5 22. Rc7 Qf4 23. Qc2 Rce8 24. Re7 Rc8 25. Rac7 Ra8 26. Qd1 Rfc8 27. Rxc8+ Rxc8 28. g3 Qd6 29. Qe2 Be3 30. Rxe3 dxe3 31. Qxe3 Qd5 32. d4 Rb8 33. Kg2 Rxb3 34. Qe8+ Kg7 35. Qe5+ Qxe5 36. dxe5 Rxb2 37. g4 h6 38. Kg3 Kf8 39. Nh2 Rb3+ 40. f3 Re3 41. Kf4 Re1 42. h4 g5+ 43. hxg5 hxg5+ 44. Kg3 Rxe5 45. Nf1 Re1 46. Kf2 Ra1 47. Ng3 Ke7 48. Ke3 Ke6 49. Ne4 f6 50. Nc5+ Kd5 51. Ne4 Ke5 52. Nf2 Ra3+ 53. Nd3+ Kd5 54. Ke2 Kd4 55. Nf2 Ra2+ 0-1


[Site "https://www.chess.com"]